 Dungeon Crawl Stone Soup version 0.32-a0-886-g41c5271027 (webtiles) character file.

Game seed: 6556811977676699253

6959 pokeman the Thaumaturge (level 10, -6/58 HPs)
             Began as a Deep Elf Hedge Wizard on Apr 2, 2024.
             Was a Priest of Vehumet.
             Killed from afar by a rime drake (13 damage)
             ... with an icy flash freeze
             ... on level 9 of the Dungeon.
             The game lasted 00:26:12 (10053 turns).

pokeman the Thaumaturge (Deep Elf Hedge Wizard)    Turns: 10053, Time: 00:26:13

Health: -6/58      AC:  5    Str:  7    XL:     10   Next: 81%
Magic:  31/39      EV: 11    Int: 24    God:    Vehumet [***...]
Gold:   469        SH:  0    Dex: 12    Spells: 23/38 levels left

rFire   . . .        H - +8 bardiche of a volcano {freeze, rC+ rCorr}
rCold   + + .        (shield currently unavailable)
rNeg    . . .        v - +1 leather armour "Geum" {Regen+ MP+9 Dex-2}
rPois   .            c - +0 hat
rElec   .            D - +0 cloak
rCorr   +            (no gloves)
SInv    .            (no boots)
Will    +....        (no amulet)
Stlth   ++           E - ring of resist corrosion
HPRegen 1.09/turn    K - ring of protection from cold
MPRegen 0.26/turn

%: no passive effects
@: about to teleport, on blink cooldown, mesmerised
A: no striking features
a: Renounce Religion


You were on level 9 of the Dungeon.
You worshipped Vehumet.
Vehumet was most pleased with you.
You visited 2 branches of the dungeon, and saw 10 of its levels.
You also visited: Bailey.

You collected 469 gold pieces.

Inventory:

Hand Weapons
 l - a +0 dagger of electrocution
 p - a +1 dagger of venom
 C - a +3 quarterstaff of chaos
 H - the +8 bardiche of a volcano (weapon) {freeze, rC+ rCorr}
   (You found it in a bailey)

   rC+:       It protects you from cold.
   rCorr:     It protects you from acid and corrosion.
Missiles
 J - a throwing net
Armour
 c - a +0 hat (worn)
 j - a +0 buckler
 v - the +1 leather armour "Geum" (worn) {Regen+ MP+9 Dex-2}
   (You found it on level 3 of the Dungeon)

   Dex-2:     It affects your dexterity (-2).
   MP+9:      It affects your magic capacity (+9).
   Regen+:    It increases your rate of health regeneration.
 D - a +0 cloak (worn)
Magical Staves
 s - a staff of fire
Jewellery
 E - a ring of resist corrosion (left hand)
 K - a ring of protection from cold (right hand)
Wands
 A - a wand of flame (17)
 F - a wand of iceblast (11)
Scrolls
 a - 8 scrolls of identify {unknown}
 b - a scroll of enchant weapon {unknown}
 i - a scroll of noise {unknown}
 q - 2 scrolls of amnesia {unknown}
 r - 3 scrolls of blinking {unknown}
 t - a scroll of revelation {unknown}
 u - 6 scrolls of teleportation
 w - 3 scrolls of fear {unknown}
 x - 3 scrolls of fog {unknown}
 y - 2 scrolls of torment {unknown}
 B - a scroll of vulnerability {unknown}
 L - a scroll of enchant armour {unknown}
 N - a scroll of poison {unknown}
Potions
 d - a potion of magic
 e - 3 potions of curing {unknown}
 f - a potion of invisibility {unknown}
 g - 2 potions of degeneration {unknown}
 h - a potion of cancellation {unknown}
 k - 3 potions of attraction {unknown}
 m - 2 potions of lignification {unknown}
 n - 2 potions of mutation {unknown}
 o - 4 potions of heal wounds {unknown}
 z - a potion of brilliance {unknown}
 G - a potion of experience
 I - a potion of ambrosia {unknown}
 M - a potion of might {unknown}


   Skills:
 + Level 4.5 Fighting
 - Level 3.0 Armour
 - Level 3.0 Dodging
 - Level 3.0 Stealth
 - Level 3.0 Shields
 * Level 14.9 Spellcasting
 + Level 8.7 Conjurations
 - Level 2.0 Hexes
 - Level 1.1 Summonings
 - Level 1.1 Translocations
 - Level 1.0 Fire Magic
 + Level 3.7 Ice Magic
 - Level 1.0 Air Magic
 - Level 1.0 Alchemy
 - Level 1.0 Evocations


You had 23 spell levels left.
You knew the following spells:

 Your Spells              Type           Power      Damage    Failure   Level
a - Magic Dart            Conj           100%       1d8       1%          1
b - Mephitic Cloud        Conj/Alch/Air  35%        N/A       1%          3
c - Call Imp              Summ           46%        N/A       4%          2
d - Blink                 Tloc           46%        N/A       4%          2
e - Ensorcelled Hibernat  Hex/Ice        62%        N/A       2%          2
f - Freezing Cloud        Conj/Ice/Air   19%        6-21      5%          5

Your spell library contained the following spells:

 Spells                   Type           Power      Damage    Failure   Level
 Fulminant Prism          Conj/Alch      20%        3d12      1%          4
 Slow                     Hex            100%       N/A       1%          1
 Sting                    Conj/Alch      100%       1d9       1%          1
 Mercury Vapours          Alch/Air       44%        N/A       1%          2
 Cigotuvi's Dreadful Rot  Necr/Alch/Air  42%        N/A       5%          2
 Olgreb's Toxic Radiance  Alch           22%        N/A       9%          4
 Fugue of the Fallen      Necr           17%        N/A       14%         3
 Anguish                  Hex/Necr       11%        N/A       30%         4


Dungeon Overview and Level Annotations

Branches:
Dungeon (9/15)             Temple (1/1) D:5          Bailey (visited)
   Lair: D:8-11         Orc: D:9-12

Altars:
Ashenzari
Cheibriados
Dithmenos
Elyvilon
Fedhas
Gozag
Hepliaklqana
Kikubaaqudgha
Makhleb
Nemelex Xobeh
Okawaru
Qazlal
Ru
Sif Muna
Uskayaw
Vehumet
Wu Jian
Xom
Yredelemnul
Zin
The Shining One

Shops:
D:3 *   D:5 (

Annotations:
D:4 3 runed translucent doors, dcgchant's ghost, novice GnIE
D:6 3 runed translucent doors, zenocrate's ghost, novice OpEE
D:9 Maggie


Message History

Confirm with . or Enter, or press ? or * to list all spells.
Aiming: Mephitic Cloud (safe; 1% risk of failure)
Press: ? - help, Shift-Dir - straight line, f/p - Maggie
Aim: Maggie, wielding a +1 broad axe of holy wrath and wearing +0 swamp dragon scales (mesmerising, not susceptible)
The ball explodes into a vile cloud!
The stinking cloud engulfs Maggie.
The stinking cloud engulfs the rime drake.
The rime drake is lightly wounded.
The ice encasing you melts away.
You feel ready to blink again. The rime drake bites you.
* * * LOW HITPOINT WARNING * * *
The rime drake breathes ice at you. The icy flash freeze hits you!
You partially resist.
* * * LOW HITPOINT WARNING * * *
You are encased in ice.
Unknown command.
Casting: Mephitic Cloud (safe; 1% risk of failure)
Confirm with . or Enter, or press ? or * to list all spells.
You blink.
Maggie gestures wildly while chanting.
Maggie draws you further into her thrall.
Unknown command.
Unknown command.
Aiming: Iceblast
Press: ? - help, Shift-Dir - straight line, p - Maggie The mass of ice explodes!
The iceblast engulfs the rime drake!
The rime drake partially resists.
The rime drake is heavily wounded.
The rime drake bites you.
* * * LOW HITPOINT WARNING * * *
Unknown command.
Okay, then.
Okay, then.
Unknown command.
As you read the scroll labelled JOVEUTT OTEHUT, it crumbles to dust.
You feel strangely unstable.
It was a scroll of teleportation.
The ice encasing you melts away. The rime drake breathes ice at you.
The icy flash freeze hits you! You partially resist.
You die...

#..#...))..#..
#).#).)).#.#
###))..##..# #
#...##5##.##
#.§###.....
##§○# #.#....
##†.§#
#.####..
#.k@<##... ..
##@....#..#
#..<..## .#
##....# ##.###
#.# ... #(..
##... ....


You could see Maggie (mesmerising) and a rime drake (catching breath).

Vanquished Creatures
  A polar bear (D:9)
  A hornet (D:7)
  Sigmund (D:5)
  6 yaks (D:9)
  A steam dragon (D:8)
  2 water moccasins
  11 orc warriors
  2 black bears
  3 ice beasts
  An ogre (D:5)
  A wolf (D:9)
  10 centaurs
  2 phantoms
  2 kobold brigands
  A gnoll sergeant (D:8)
  2 bullfrogs (D:8)
  2 scorpions
  12 wights
  8 killer bees
  A howler monkey (D:4)
  4 bombardier beetles (D:5)
  6 hounds
  3 orc priests
  Crazy Yiuf (D:5)
  3 gnoll boudas
  A jelly (D:7)
  A sleepcap (D:6)
  2 iguanas
  5 orc wizards
  9 adders
  12 gnolls
  2 ufetubi (D:7)
  5 dart slugs
  6 ribbon worms
  37 orcs
  10 ball pythons
  3 bats
  4 endoplasms
  7 giant cockroaches
  15 goblins
  6 hobgoblins
  5 jackals
  13 kobolds
  6 quokkas
  8 frilled lizards
  6 rats
250 creatures vanquished.

Notes
Turn   | Place    | Note
-------+----------+-------------------------------------------
     0 | D:1      | pokeman the Deep Elf Hedge Wizard began the quest for the
                  | Orb.
     0 | D:1      | Reached XP level 1. HP: 10/10 MP: 7/7
   467 | D:1      | Reached XP level 2. HP: 15/15 MP: 4/9
  1396 | D:2      | Reached skill level 5 in Spellcasting
  1396 | D:2      | Reached XP level 3. HP: 20/20 MP: 4/11
  1400 | D:2      | Learned a level 3 spell: Mephitic Cloud
  1403 | D:2      | Learned a level 2 spell: Call Imp
  1406 | D:2      | Learned a level 2 spell: Blink
  1609 | D:2      | Reached skill level 1 in Armour
  1820 | D:2      | Reached skill level 1 in Fighting
  2481 | D:2      | Reached XP level 4. HP: 25/25 MP: 6/13
  3117 | D:3      | Found Wofuzyod's General Store.
  3299 | D:3      | Identified the +1 leather armour "Geum" {Regen+ MP+9 Dex-2}
  3585 | D:3      | Found a faded altar of an unknown god.
  3807 | D:4      | Reached skill level 6 in Spellcasting
  3828 | D:4      | Reached XP level 5. HP: 29/29 MP: 9/15
  3972 | D:4      | Reached skill level 1 in Shields
  4007 | D:4      | Reached XP level 6. HP: 33/34 MP: 6/17
  4063 | D:4      | Reached skill level 1 in Fire Magic
  4063 | D:4      | Reached skill level 1 in Alchemy
  4063 | D:4      | Reached skill level 1 in Evocations
  4182 | D:4      | Reached skill level 1 in Air Magic
  4349 | D:4      | Reached skill level 7 in Spellcasting
  4550 | D:4      | Found a runed translucent gate.
  4550 | D:4      | Found a runed translucent gate.
  4550 | D:4      | Found a runed translucent gate.
  4550 | D:4      | Noticed dcgchant's ghost (novice GnIE)
  4755 | D:4      | Reached XP level 7. HP: 28/39 MP: 15/20
  5075 | D:5      | Entered Level 5 of the Dungeon
  5204 | D:5      | Reached skill level 8 in Spellcasting
  5330 | D:5      | Found a basalt altar of Yredelemnul.
  5426 | D:5      | Noticed Sigmund
  5450 | D:5      | Killed Sigmund
  5451 | D:5      | Reached skill level 9 in Spellcasting
  5451 | D:5      | Reached XP level 8. HP: 44/44 MP: 23/23
  5467 | D:5      | Found a runed translucent door.
  5468 | D:5      | Noticed Crazy Yiuf
  5479 | D:5      | Killed Crazy Yiuf
  5624 | D:5      | Found a staircase to the Ecumenical Temple.
  5636 | Temple   | Entered the Ecumenical Temple
  5645 | Temple   | Became a worshipper of Vehumet
  5870 | D:5      | Found Iguiseca's Antique Weapon Emporium.
  5973 | D:6      | Reached skill level 5 in Conjurations
  6107 | D:6      | Reached skill level 10 in Spellcasting
  6263 | D:6      | Noticed zenocrate's ghost (novice OpEE)
  6265 | D:6      | Found a runed translucent gate.
  6265 | D:6      | Found a runed translucent gate.
  6265 | D:6      | Found a runed translucent gate.
  6304 | D:6      | Found a shadowy altar of Dithmenos.
  6629 | D:6      | Found a burning altar of Makhleb.
  7040 | D:7      | Reached skill level 11 in Spellcasting
  7148 | D:7      | Reached XP level 9. HP: 37/48 MP: 26/26
  7221 | D:7      | Reached * piety under Vehumet
  7221 | D:7      | Offered knowledge of Kiss of Death by Vehumet.
  7343 | D:7      | Found a flagged portal.
  7358 | Bailey   | Entered a bailey
  7525 | Bailey   | Reached skill level 12 in Spellcasting
  7819 | Bailey   | Reached skill level 13 in Spellcasting
  7968 | Bailey   | Offered knowledge of Scorch by Vehumet.
  7998 | Bailey   | Identified the +8 bardiche of a volcano {freeze, rC+ rCorr}
  8203 | D:7      | Reached ** piety under Vehumet
  8204 | D:7      | Reached XP level 10. HP: 39/56 MP: 29/29
  8305 | D:7      | Learned a level 2 spell: Ensorcelled Hibernation
  8458 | D:7      | Learned a level 5 spell: Freezing Cloud
  8912 | D:8      | Reached skill level 1 in Hexes
  8922 | D:8      | Reached skill level 1 in Ice Magic
  8981 | D:8      | Found a glowing golden altar of the Shining One.
  9351 | D:8      | Found an opulent altar of Gozag.
  9358 | D:8      | Reached skill level 14 in Spellcasting
  9374 | D:8      | Found an ancient bone altar of Kikubaaqudgha.
  9381 | D:8      | Offered knowledge of Static Discharge by Vehumet.
  9734 | D:8      | Reached *** piety under Vehumet
  9982 | D:9      | Offered knowledge of Fulminant Prism by Vehumet.
 10039 | D:9      | Noticed Maggie
 10053 | D:9      | Killed from afar by a rime drake

Illustrated notes

Levels and vault maps discovered:
D:1:      zelgadis_glass_arrival_small, layout_basic, dk_noncrumbling_4
D:2:      minmay_skewed_foursquare, layout_basic, minmay_tetromino_i4
D:3:      layout_basic, serial_shops, nicolae_shop_pleasant_corner_grove,
          shapermc_ecumenical_altar_pompeii, minmay_distorted
D:4:      minmay_razor_zed, layout_cave_pools, ebering_ghost_rock_garden
D:5:      layout_basic, mainiacjoe_overflow_paths, minmay_temple_entry_mist,
          serial_shops, shop, uniq_crazy_yiuf_cottage, uniq_sigmund
D:6:      layout_basic, nicolae_dithmenos_through_a_glass_darkly,
          mainiacjoe_overflow_alcove_4, gammafunk_ghost_necromancy,
          amcnicky_mini_rare_corridor_liquid, minivault_4
D:7:      layout_loops_ring, enter_bailey_3
D:8:      layout_rooms, mainiacjoe_overflow_concentric_impassable,
          mainiacjoe_overflow_big_doors
D:9:      layout_cave_pools, hellmonk_lair_entry_icy, uniq_maggie, uniq_pikel
Temple:   hellmonk_temple_two_chambers

Skill      XL: |  1  2  3  4  5  6  7  8  9 10 |
---------------+-------------------------------+-----
Spellcasting   | 5 6 7 9 11 13 14 | 14.9
Armour         | 1 2 3 |  3.0
Fighting       | 1 2 3 4 |  4.5
Conjurations   | 2 3 4 6 7 8 |  8.7
Dodging        | 3 |  3.0
Stealth        | 3 |  3.0
Shields        | 1 3 |  3.0
Fire Magic     | 1 |  1.0
Alchemy        | 1 |  1.0
Evocations     | 1 |  1.0
Air Magic      | 1 |  1.0
Hexes          | 2 |  2.0
Ice Magic      | 3 |  3.7
Summonings     | |  1.1
Translocations | |  1.1

Action                     |  1- 3 |  4- 6 |  7- 9 | 10-12 || total
---------------------------+-------+-------+-------+-------++-------
  Melee: Dagger            |    39 |    64 |   111 |       ||   214
         Bardiche          |       |       |     1 |    78 ||    79
   Cast: Magic Dart        |   113 |   116 |   184 |   144 ||   557
         Mephitic Cloud    |     1 |    12 |    35 |    22 ||    70
         Call Imp          |     1 |       |     9 |     8 ||    18
         Blink             |       |     1 |     4 |     9 ||    14
         Freezing Cloud    |       |       |       |     1 ||     1
  Evoke: Wand              |       |       |       |     2 ||     2
    Use: Scroll            |       |       |       |     1 ||     1
   Stab: Confused          |       |     8 |     8 |     3 ||    19
         Sleeping          |       |       |     1 |       ||     1
 Armour: Robe              |    22 |     3 |       |       ||    25
         Leather armour    |       |    40 |    70 |   118 ||   228
  Dodge: Dodged            |    31 |    35 |    84 |    83 ||   233

Table legend: (Time is in decaauts)
 A = Elapsed time spent in this place.
 B = Non-inter-level travel time spent in this place.
 C = Inter-level travel time spent in this place.
 D = Time resting spent in this place.
 E = Time spent auto-exploring this place.
 F = Levels seen in this place.
 G = Mean time per level.
                   A        B        C        D        E       F      G
               +--------+--------+--------+--------+--------+-----+--------+
         Total |  10148 |   9590 |    558 |    434 |   6869 |  11 |  922.5 |
       Dungeon |   9329 |   8779 |    550 |    309 |   6448 |   9 | 1036.6 |
        Temple |     21 |     13 |      8 |      0 |      0 |   1 |   21.0 |
        Bailey |    797 |    797 |      0 |    125 |    421 |   1 |  797.0 |
               +--------+--------+--------+--------+--------+-----+--------+

Top non-repeatable levels by time:
     D:2: 1767 daAuts
     D:4: 1357 daAuts
     D:1: 1108 daAuts
     D:8: 1075 daAuts
     D:6: 1049 daAuts
     D:7: 1042 daAuts
     D:5: 946 daAuts
     D:3: 842 daAuts
  Bailey: 797 daAuts
     D:9: 141 daAuts
  Temple: 21 daAuts
